 Dungeon Crawl Stone Soup version 0.29.1-12-g30fa7ad0bf (webtiles) character file.

Game seed: 11729430059114605412

153 wormed the Firebug (level 5, -16/35 HPs)
             Began as a Demonspawn Fire Elementalist on Dec 24, 2022.
             Killed from afar by Ijyb (21 damage)
             ... with a bolt of dispelling energy
             ... on level 3 of the Dungeon.
             The game lasted 00:11:19 (4200 turns).

wormed the Firebug (Demonspawn Fire Elementalist)   Turns: 4200, Time: 00:11:19

Health: -16/35     AC:  6    Str:  9    XL:     5   Next: 12%
Magic:  8/8        EV: 11    Int: 18    God:
Gold:   168        SH:  4    Dex: 13    Spells: 6/9 levels left

rFire   . . .      SeeInvis .   f - +0 dagger (venom)
rCold   . . .      Faith    .   e - +0 buckler
rNeg    . . .      Spirit   .   a - +0 robe
rPois   .          Reflect  .   q - +0 helmet
rElec   .          Harm     .   (no cloak)
rCorr   .          Rampage  .   (no gloves)
Will    .....                   m - +0 pair of boots
Stlth   ++........              (no amulet)
HPRegen 0.11/turn               (no ring)
MPRegen 0.11/turn               (no ring)

@: no status effects
A: slimy green scales 1, foul stench 1, weakness stinger 1
a: no special abilities


You were on level 3 of the Dungeon.
You visited 1 branch of the dungeon, and saw 3 of its levels.

You collected 168 gold pieces.

Inventory:

Hand Weapons
 f - a +0 dagger of venom (weapon)
Missiles
 h - 4 datura-tipped darts
Armour
 a - a +0 robe (worn)
 e - a +0 buckler (worn)
 m - a +0 pair of boots (worn)
 q - a +0 helmet (worn)
Scrolls
 b - a scroll of poison {unknown}
 g - a scroll of identify {unknown}
 i - a scroll of immolation {unknown}
 j - a scroll of teleportation {unknown}
 p - a scroll of enchant armour {unknown}
 s - a scroll of vulnerability {unknown}
Potions
 c - a potion of berserk rage {unknown}
 d - 4 potions of curing {unknown}
 k - a potion of ambrosia {unknown}
 l - a potion of mutation {unknown}
 n - a potion of lignification {unknown}
 o - a potion of attraction {unknown}
 r - a potion of resistance {unknown}
 t - a potion of might {unknown}
 u - a potion of experience {unknown}


   Skills:
 + Level 1.3 Armour
 - Level 2.0 Dodging
 - Level 2.0 Stealth
 * Level 1.5 Shields
 + Level 2.5 Spellcasting
 + Level 2.1 Conjurations
 + Level 3.1 Fire Magic
 * Level 1.5 Ice Magic


You had 6 spell levels left.
You knew the following spells:

 Your Spells              Type           Power      Damage    Failure   Level
a - Foxfire               Conj/Fire      44%        2x1d6     8%          1
b - Scorch                Fire           26%        2d6       10%         2

Your spell library contained the following spells:

 Spells                   Type           Power      Damage    Failure   Level
 Magic Dart               Conj           36%        1d4       10%         1
 Freeze                   Ice            28%        1d5       12%         1
 Searing Ray              Conj           18%        2d5       14%         2
 Conjure Flame            Conj/Fire      11%        6-21      22%         3
 Frozen Ramparts          Ice            14%        1d3       34%         3
 Inner Flame              Hex/Fire       8%         N/A       34%         3
 Flame Wave               Conj/Fire      11%        2d6       58%         4
 Hailstorm                Conj/Ice       8%         3d4       71%         4
 Fulminant Prism          Conj/Hex       3%         3d6       82%         4


Dungeon Overview and Level Annotations

Branches:
Dungeon (3/15)

Altars:

Annotations:
D:3 Ijyb


Innate Abilities, Weirdness & Mutations

You are partially covered in slimy green scales. (AC +2)
You may rarely emit foul miasma when damaged in melee.
You have a small tail.


Message History

You barely miss the rat. The rat misses you.
You closely miss the rat. You tail-slap the rat.
You kill the rat!
You see here a +0 club.
t - a sedimented grey potion A rat comes into view.
A rat is nearby!
A rat is nearby!
You see here a bubbling yellow potion.
A rat is nearby!
Casting: Scorch (safe; 10% risk of failure)
Confirm with . or Enter, or press ? or * to list all spells.
Flames lash the rat.
You kill the rat!
u - a bubbling yellow potion
Found a stone staircase leading up.
An endoplasm is nearby!
An endoplasm is nearby!
An endoplasm is nearby!
Casting: Scorch (safe; 10% risk of failure)
Confirm with . or Enter, or press ? or * to list all spells.
Flames lash the endoplasm.
You kill the endoplasm!
You now have 168 gold pieces (gained 15).
Ijyb the Twisted Goblin comes into view.
She is wielding a +0 club and carrying a wand of quicksilver (12).
Ijyb is nearby!
Ijyb shouts!
Ijyb zaps a wand.
The bolt of dispelling energy hits you!!
Ouch! That really hurt!
Ijyb zaps a wand.
The bolt of dispelling energy misses you.
Ijyb zaps a wand.
The bolt of dispelling energy hits you!
* * * LOW HITPOINT WARNING * * *
Ijyb zaps a wand.
The bolt of dispelling energy misses you.
Ijyb zaps a wand.
The bolt of dispelling energy hits you!!
Ouch! That really hurt!
You die...

#.##.#######...##
#g##.........†...
#.##..######...#.
#.##..# #..##. #.##..#
###..##. # ##.###.#
#.......
##.##...##.####.#..##.
#...............#..##.
#..##@..##.######..##.
#(.##..............##.
.. ....<....######..##.
##..###.###.........##.
#..###.###..#####.....
#........).†..........
#.####.###############
#.# #.#


You could see Ijyb.

Vanquished Creatures
  2 adders
  4 gnolls (D:2)
  2 worms
  2 dart slugs (D:1)
  7 orcs
  5 ball pythons
  12 endoplasms
  4 giant cockroaches
  5 goblins
  4 hobgoblins
  7 jackals
  5 kobolds
  2 quokkas
  3 bats
  2 frilled lizards
  6 rats
72 creatures vanquished.

Vanquished Creatures (others)
  70 foxfires
70 creatures vanquished.

Grand Total: 142 creatures vanquished

Notes
Turn   | Place    | Note
-------+----------+-------------------------------------------
     0 | D:1      | wormed the Demonspawn Fire Elementalist began the quest for
                  | the Orb.
     0 | D:1      | Reached XP level 1. HP: 13/13 MP: 3/3
   119 | D:1      | Gained mutation: You have a small tail. [demonic ancestry]
   119 | D:1      | Reached XP level 2. HP: 2/19 MP: 3/5
   449 | D:1      | Learned a level 2 spell: Scorch
  1116 | D:1      | Reached XP level 3. HP: 24/24 MP: 6/6
  1123 | D:1      | Found a faded altar of an unknown god.
  1435 | D:2      | Reached skill level 1 in Armour
  1435 | D:2      | Reached skill level 3 in Fire Magic
  1686 | D:2      | Reached skill level 1 in Ice Magic
  1686 | D:2      | Gained mutation: You may rarely emit foul miasma when
                  | damaged in melee. [demonic ancestry]
  1686 | D:2      | Reached XP level 4. HP: 25/30 MP: 3/7
  2097 | D:2      | Reached skill level 1 in Shields
  3925 | D:3      | Gained mutation: You are partially covered in slimy green
                  | scales. (AC +2) [demonic ancestry]
  3925 | D:3      | Reached XP level 5. HP: 35/35 MP: 3/8
  4191 | D:3      | Noticed Ijyb
  4200 | D:3      | Killed from afar by Ijyb

Illustrated notes

Levels and vault maps discovered:
D:1:      minmay_arrival_radiant_lines, layout_loops_ring,
          hellmonk_ecumenical_altar_dog_temple, kennysheep_decorative_pillar
D:2:      layout_basic
D:3:      layout_loops_ring, slow_altar_2, uniq_ijyb

Skill      XL: |  1  2  3  4 |
---------------+-------------+-----
Dodging        | 2 |  2.0
Stealth        | 2 |  2.0
Armour         | 1 |  1.3
Fire Magic     | 3 |  3.1
Ice Magic      | 1 |  1.5
Shields        | 1 |  1.5
Conjurations   | 2 |  2.1
Spellcasting   | |  2.5

Action                   |  1- 3 |  4- 6 || total
-------------------------+-------+-------++-------
Melee: Dagger            |    40 |    36 ||    76
       Tailslap          |     2 |    11 ||    13
 Cast: Foxfire           |    36 |     4 ||    40
       Scorch            |       |    40 ||    40
  Use: Potion            |     1 |       ||     1
 Stab: Sleeping          |     3 |       ||     3
Armor: Robe              |     8 |     8 ||    16
Dodge: Dodged            |    30 |    28 ||    58
Block: Buckler           |     3 |     8 ||    11
